 Dungeon Crawl Stone Soup version 0.30-a0-913-g9934a0ce24 (webtiles) character file.

Game seed: 5535758293529415030

371 billz999 the Skirmisher (level 6, -2/51 HPs)
             Began as a Gnoll Hunter on Mar 20, 2023.
             Was an Initiate of Okawaru.
             Slain by an iguana (11 damage)
             ... on level 4 of the Dungeon.
             The game lasted 00:05:52 (3557 turns).

billz999 the Skirmisher (Gnoll Hunter)              Turns: 3557, Time: 00:05:53

Health: -2/51      AC:  9    Str:  8 (11) XL:     6   Next: 70%
Magic:  8/8        EV:  9    Int:  5 (8)  God:    Okawaru [......]
Gold:   290        SH:  0    Dex: 17      Spells: 9/9 levels left

rFire   . . .      SeeInvis .    a - +0 shortbow
rCold   . . .      Faith    +    (shield currently unavailable)
rNeg    + . .      Spirit   .    m - +0 chain mail
rPois   .          Reflect  .    i - +0 helmet
rElec   .          Rampage  .    (no cloak)
rCorr   +                        (no gloves)
Will    .....                    (no boots) Stlth
                                 p - amulet "Zulajug" {Faith rN+ rCorr}
HPRegen 0.28/turn                o - +5 ring of evasion
MPRegen 0.11/turn                (no ring)

@: no status effects
A: fangs 1, strong nose, distributed training, talons 1, low MP 1
a: Renounce Religion


You were on level 4 of the Dungeon.
You worshipped Okawaru.
Okawaru was noncommittal.
You visited 1 branch of the dungeon, and saw 4 of its levels.
You also visited: Sewer.

You collected 290 gold pieces.

Inventory:

Hand Weapons
 a - a +0 shortbow (weapon)
 d - a +2 dagger of freezing
Missiles
 e - 10 poisoned darts
Armour
 c - a +0 leather armour
 i - a +0 helmet (worn)
 m - a +0 chain mail (worn)
Jewellery
 o - a +5 ring of evasion (left hand)
 p - the amulet "Zulajug" (around neck) {Faith rN+ rCorr}
   (You acquired it on level 4 of the Dungeon)

   [amulet of faith]

   It allows you to gain divine favour quickly.
   rN:        It protects you from negative energy.
   rCorr:     It protects you from acid and corrosion.
Scrolls
 b - 2 scrolls of immolation
 g - 3 scrolls of noise
 j - 3 scrolls of fear
 l - a scroll of silence
 n - 4 scrolls of teleportation
 q - a scroll of enchant armour {unknown}
 s - a scroll of torment {unknown}
Potions
 f - 2 potions of curing
 h - 3 potions of flight
 r - a potion of mutation


   Skills:
 + Level 5.1 Fighting
 + Level 2.1 Short Blades
 + Level 2.1 Long Blades
 + Level 2.1 Axes
 + Level 2.1 Maces & Flails
 + Level 2.1 Polearms
 + Level 2.1 Staves
 + Level 8.8 Ranged Weapons
 + Level 2.1 Throwing
 + Level 2.1 Armour
 + Level 5.1 Dodging
 + Level 3.2 Stealth
 + Level 2.1 Shields
 + Level 2.1 Unarmed Combat
 + Level 2.1 Spellcasting
 + Level 1.7 Conjurations
 + Level 1.7 Hexes
 + Level 1.7 Summonings
 + Level 1.7 Necromancy
 + Level 1.7 Translocations
 + Level 1.7 Transmutations
 + Level 1.7 Fire Magic
 + Level 1.7 Ice Magic
 + Level 1.7 Air Magic
 + Level 1.7 Earth Magic
 + Level 1.7 Poison Magic
 + Level 2.4 Invocations
 + Level 2.1 Evocations


You had 9 spell levels left.
You didn't know any spells.
Your spell library was empty.

Dungeon Overview and Level Annotations

Branches:
Dungeon (4/15)              Sewer (visited)
 Temple: D:4-7

Altars:
Ashenzari
Hepliaklqana
Okawaru
Sif Muna
Uskayaw
Vehumet


Innate Abilities, Weirdness & Mutations

You have very sharp teeth.
Your uncanny sense of smell can sniff out nearby items.
Your experience applies equally to all skills.
You have sharp toenails.
Your magical capacity is low. (-10% MP)


Message History

You shoot an arrow.
The arrow hits the iguana but does no damage.
The iguana is lightly wounded.
The iguana bites you!
* * * LOW HITPOINT WARNING * * *
You shoot an arrow.
The arrow hits the iguana but does no damage.
The iguana is lightly wounded.
The iguana barely misses you. The iguana bites you.
* * * LOW HITPOINT WARNING * * *
Unknown command.
Okay, then.
You feel much better. The iguana bites you.
You shoot an arrow. The arrow hits the iguana.
The iguana is moderately wounded.
The iguana barely misses you. The iguana completely misses you.
You shoot an arrow. The arrow closely misses the iguana.
The iguana bites you. x2
You shoot an arrow. The arrow hits the iguana!
The iguana is severely wounded.
The iguana bites you but does no damage.
The iguana closely misses you.
You shoot an arrow. The arrow closely misses the iguana.
The iguana bites you. The iguana closely misses you.
You shoot an arrow. The arrow hits the iguana.
The iguana is almost dead.
The iguana closely misses you. x2
You shoot an arrow.
The arrow hits the iguana but does no damage.
The iguana is almost dead.
The iguana closely misses you.
You shoot an arrow. The arrow barely misses the iguana.
The iguana bites you. x2
You shoot an arrow. The arrow closely misses the iguana.
The iguana bites you.
* * * LOW HITPOINT WARNING * * *
The iguana bites you.
* * * LOW HITPOINT WARNING * * *
You shoot an arrow. The arrow barely misses the iguana.
The iguana closely misses you. The iguana bites you.
* * * LOW HITPOINT WARNING * * *
You shoot an arrow. The arrow barely misses the iguana.
The iguana bites you!
You die...

##.# #..# #..#
#.## #..# #.#
##..# #.# ...# #.#
# ...# #.# #. ##..
#.# #..#.l# ####.#
#...@# .....#
##.#.# ######
#.#.# #.#.#
######## #.#.#
.....<.# #.#.#
.#####.#######.#.#
.# #...........#
.# #.........###


You could see an iguana.

Vanquished Creatures
  An ogre (D:2)
  A kobold brigand (Sewer)
  An orc priest (D:4)
  An iguana (D:4)
  Natasha (D:4)
  3 gnolls (D:4)
  3 adders
  A river rat (Sewer)
  5 orcs
  9 ball pythons
  4 endoplasms
  3 giant cockroaches
  2 goblins
  6 hobgoblins
  2 jackals (Sewer)
  7 quokkas
  5 bats (D:1)
  2 frilled lizards
  10 kobolds
  10 rats
77 creatures vanquished.

Vanquished Creatures (others)
  4 toadstools (D:1)
4 creatures vanquished.

Grand Total: 81 creatures vanquished

Notes
Turn   | Place    | Note
-------+----------+-------------------------------------------
     0 | D:1      | billz999 the Gnoll Hunter began the quest for the Orb.
     0 | D:1      | Reached XP level 1. HP: 20/20 MP: 1/1
    84 | D:1      | Reached XP level 2. HP: 26/26 MP: 2/2
    92 | D:1      | Found a faded altar of an unknown god.
   272 | D:1      | Reached XP level 3. HP: 31/31 MP: 3/3
   740 | D:2      | Reached skill level 1 in Invocations
  1078 | D:2      | Reached skill level 1 in Short Blades
  1078 | D:2      | Reached skill level 1 in Long Blades
  1078 | D:2      | Reached skill level 1 in Axes
  1078 | D:2      | Reached skill level 1 in Maces & Flails
  1078 | D:2      | Reached skill level 1 in Polearms
  1078 | D:2      | Reached skill level 1 in Staves
  1078 | D:2      | Reached skill level 1 in Throwing
  1078 | D:2      | Reached skill level 1 in Armour
  1078 | D:2      | Reached skill level 1 in Shields
  1078 | D:2      | Reached skill level 1 in Unarmed Combat
  1078 | D:2      | Reached skill level 1 in Spellcasting
  1078 | D:2      | Reached skill level 1 in Evocations
  1455 | D:2      | Noticed an ogre
  1460 | D:2      | Killed an ogre
  1461 | D:2      | Reached skill level 1 in Conjurations
  1461 | D:2      | Reached skill level 1 in Hexes
  1461 | D:2      | Reached skill level 1 in Summonings
  1461 | D:2      | Reached skill level 1 in Necromancy
  1461 | D:2      | Reached skill level 1 in Translocations
  1461 | D:2      | Reached skill level 1 in Transmutations
  1461 | D:2      | Reached skill level 1 in Fire Magic
  1461 | D:2      | Reached skill level 1 in Ice Magic
  1461 | D:2      | Reached skill level 1 in Air Magic
  1461 | D:2      | Reached skill level 1 in Earth Magic
  1461 | D:2      | Reached skill level 1 in Poison Magic
  1461 | D:2      | Reached XP level 4. HP: 17/38 MP: 4/6
  1461 | D:2      | Reached XP level 5. HP: 19/43 MP: 4/7
  2186 | D:3      | Found a shimmering blue altar of Sif Muna.
  2186 | D:3      | Found a radiant altar of Vehumet.
  2192 | D:3      | Found a hide-covered altar of Uskayaw.
  2199 | D:3      | Found a broken altar of Ashenzari.
  2201 | D:3      | Found an iron altar of Okawaru.
  2207 | D:3      | Found a hazy altar of Hepliaklqana.
  2274 | D:3      | Became a worshipper of Warmaster Okawaru
  2488 | D:4      | Found a glowing drain.
  2501 | Sewer    | Entered a sewer
  2606 | Sewer    | Noticed a kobold brigand
  2635 | Sewer    | Gained mutation: Your magical capacity is low. (-10% MP)
                  | [potion of mutation]
  2635 | Sewer    | Gained mutation: You have sharp toenails. [potion of
                  | mutation]
  2644 | Sewer    | Killed a kobold brigand
  2645 | Sewer    | Reached XP level 6. HP: 20/50 MP: 6/7
  2790 | Sewer    | Found a glowing silver altar of Zin.
  2985 | D:4      | Reached skill level 5 in Fighting
  2985 | D:4      | Reached skill level 5 in Dodging
  2992 | D:4      | Identified a scroll of acquirement
  2992 | D:4      | Acquired the amulet "Zulajug" {Faith rN+ rCorr}
  3181 | D:4      | Noticed Natasha
  3188 | D:4      | Killed Natasha
  3546 | D:4      | HP: 1/51 [iguana (3)]
  3557 | D:4      | Slain by an iguana

Illustrated notes

Levels and vault maps discovered:
D:1:      ldierk_walled_garden_2, layout_loops_ring,
          hellmonk_ecumenical_altar_lost_god
D:2:      layout_loops_corners, dk_noncrumbling_2, grunt_ministairs_6
D:3:      layout_basic, nicolae_overflow_hallway_of_the_gods
D:4:      layout_loops_ring, cheibrodos_sewer_entry_drain, uniq_natasha

Skill      XL: |  1  2  3  4  5  6 |
---------------+-------------------+-----
Invocations    | 1 2 |  2.4
Short Blades   | 1 2 |  2.1
Long Blades    | 1 2 |  2.1
Axes           | 1 2 |  2.1
Maces & Flails | 1 2 |  2.1
Polearms       | 1 2 |  2.1
Staves         | 1 2 |  2.1
Throwing       | 1 2 |  2.1
Armour         | 1 2 |  2.1
Shields        | 1 2 |  2.1
Unarmed Combat | 1 2 |  2.1
Spellcasting   | 1 2 |  2.1
Evocations     | 1 2 |  2.1
Conjurations   | 1 |  1.7
Hexes          | 1 |  1.7
Summonings     | 1 |  1.7
Necromancy     | 1 |  1.7
Translocations | 1 |  1.7
Transmutations | 1 |  1.7
Fire Magic     | 1 |  1.7
Ice Magic      | 1 |  1.7
Air Magic      | 1 |  1.7
Earth Magic    | 1 |  1.7
Poison Magic   | 1 |  1.7
Stealth        | 3 |  3.2
Fighting       | 5 |  5.1
Dodging        | 5 |  5.1
Ranged Weapons | |  8.8

Action                     |  1- 3 |  4- 6 || total
---------------------------+-------+-------++-------
   Fire: Shortbow          |   103 |   155 ||   258
    Use: Scroll            |     3 |     2 ||     5
         Potion            |       |     7 ||     7
 Armour: Leather armour    |     1 |       ||     1
         Chain mail        |     5 |    48 ||    53
  Dodge: Dodged            |    15 |    67 ||    82

Table legend: (Time is in decaauts)
 A = Elapsed time spent in this place.
 B = Non-inter-level travel time spent in this place.
 C = Inter-level travel time spent in this place.
 D = Time resting spent in this place.
 E = Time spent auto-exploring this place.
 F = Levels seen in this place.
 G = Mean time per level.
                   A        B        C        D        E       F      G
               +--------+--------+--------+--------+--------+-----+--------+
         Total |   3717 |   3620 |     97 |    121 |   2866 |   5 |  743.4 |
       Dungeon |   3351 |   3254 |     97 |     77 |   2642 |   4 |  837.8 |
         Sewer |    366 |    366 |      0 |     44 |    224 |   1 |  366.0 |
               +--------+--------+--------+--------+--------+-----+--------+

Top non-repeatable levels by time:
     D:2: 1015 daAuts
     D:3: 983 daAuts
     D:4: 726 daAuts
     D:1: 626 daAuts
   Sewer: 366 daAuts
